 Dungeon Crawl Stone Soup version 0.31-a0-162-gc4c5a43528 (webtiles) character file.

Game seed: 6861690768288802756

23 qw the Shooter (level 3, -1/21 HPs)
             Began as a Gargoyle Hunter on June 12, 2023.
             Slain by a quokka (2 damage)
             ... on level 1 of the Dungeon.
             The game lasted 00:00:09 (212 turns).

qw the Shooter (Gargoyle Hunter)                     Turns: 212, Time: 00:00:10

Health: -1/21      AC:  6    Str: 14    XL:     3   Next: 0%
Magic:  3/3        EV: 11    Int:  9    God:
Gold:   7          SH:  0    Dex: 15    Spells: 2/2 levels left

rFire   . . .        a - +0 shortbow
rCold   . . .        (shield currently unavailable)
rNeg    + . .        c - +0 leather armour
rPois   inf          (no helmet)
rElec   +            (no cloak)
rCorr   .            (no gloves)
SInv    .            (no boots)
Will    .....        (no amulet)
Stlth   ++           (no ring)
HPRegen 0.23/turn    (no ring)
MPRegen 0.08/turn

%: no passive effects
@: no status effects
A: sickness immunity, AC +3, negative energy resistance 1, electricity
resistance, torment resistance 1, petrification resistance
a: no special abilities


You were on level 1 of the Dungeon.
You visited 1 branch of the dungeon, and saw 1 of its levels.

You collected 7 gold pieces.


Innate Abilities, Weirdness & Mutations

You are immune to sickness and miasma.
Your stone body is resilient. (AC +3)
You are immune to poison.
You resist negative energy. (rN+)
You are resistant to electric shocks. (rElec)
You are resistant to unholy torment.
You are immune to petrification.


   Skills:
 - Level 2.1 Fighting
 + Level 4.9 Ranged Weapons
 - Level 1.5 Dodging
 - Level 1.1 Stealth


You had 2 spell levels left.
You didn't know any spells.
Your spell library was empty.

Inventory:

Hand Weapons
 a - a +0 shortbow (weapon)
Armour
 c - a +0 leather armour (worn)
 f - a +0 ring mail
Scrolls
 b - a scroll of butterflies
 d - 4 scrolls of identify {unknown}
Potions
 e - a potion of curing {unknown}

Dungeon Overview and Level Annotations

Branches:
Dungeon (1/15)

Altars:


Message History

The jackal barely misses you.
You shoot an arrow. The arrow barely misses the jackal.
The jackal bites you but does no damage.
The quokka bites you but does no damage.
The jackal closely misses you. The kobold hits you but does no damage.
The jackal bites you but does no damage. x2
The quokka bites you but does no damage.
You shoot an arrow. The arrow closely misses the jackal.
The kobold barely misses you.
The jackal bites you but does no damage.
The jackal barely misses you. The quokka bites you.
You shoot an arrow. The arrow hits the jackal.
The jackal is almost dead.
The jackal closely misses you. The kobold hits you with a +0 club.
The jackal closely misses you. The quokka bites you.
The jackal barely misses you. The kobold barely misses you.
The jackal closely misses you.
You shoot an arrow. The arrow barely misses the jackal.
The quokka twitches its whiskers.
The quokka closely misses you.
The jackal bites you but does no damage.
The jackal bites you. The kobold misses you.
You shoot an arrow. The arrow hits the jackal.
You kill the jackal!
The jackal misses you. The quokka bites you. The jackal misses you.
The quokka bites you but does no damage.
The kobold hits you but does no damage.
You have reached level 3!
Your experience leads to an increase in your attributes!
Increase (S)trength, (I)ntelligence, or (D)exterity?
You feel agile. x2
You shoot an arrow. The arrow closely misses the goblin.
The jackal barely misses you.
The quokka bites you but does no damage.
The kobold hits you but does no damage. The goblin hits you with a +0 club.
The jackal closely misses you.
You shoot an arrow. The arrow hits the goblin.
The goblin is almost dead.
The quokka bites you.
You die...

## # ..# # #.
..#.. .. ......
#.####......
.###..%.g...#..
......K@h......
####¤#
.....#r###..#..
##..¤.. #.. #.
# ##...... # #.
##....... ..
#.(...... ..
#........ ..#
#........ #.
.......<.
#........


You could see a quokka, a jackal, a goblin and a kobold.

Vanquished Creatures
  2 bats (D:1)
  An endoplasm (D:1)
  A giant cockroach (D:1)
  A hobgoblin (D:1)
  6 jackals (D:1)
  A kobold (D:1)
  A quokka (D:1)
  3 ball pythons (D:1)
  A frilled lizard (D:1)
  2 rats (D:1)
19 creatures vanquished.

Notes
Turn   | Place    | Note
-------+----------+-------------------------------------------
     0 | D:1      | qw the Gargoyle Hunter began the quest for the Orb.
     0 | D:1      | Reached XP level 1. HP: 12/12 MP: 1/1
     0 | D:1      | 0 ||| qw: Version: 0.2-a-29-gc1b59c4
     0 | D:1      | 0 ||| qw: Game counter: 4404
     0 | D:1      | 0 ||| qw: Always use a shield: true
     0 | D:1      | 0 ||| qw: God list: Okawaru
     0 | D:1      | 0 ||| qw: Allow faded altars: false
     0 | D:1      | 0 ||| qw: Do Orc after D:15 true
     0 | D:1      | 0 ||| qw: Do second Lair branch before Depths: true
     0 | D:1      | 0 ||| qw: Lair rune preference: random
     0 | D:1      | 0 ||| qw: Plans: Normal, Zot:1-4, Slime:5, God:TSO, Crypt,
                  | Tomb, Abyss, Pan, Hells, Win
     0 | D:1      | 0 ||| PLANNING D:1-11
    45 | D:1      | Reached XP level 2. HP: 17/17 MP: 2/2
   150 | D:1      | Found a faded altar of an unknown god.
   208 | D:1      | HP: 4/17 [quokka (4)]
   211 | D:1      | Reached XP level 3. HP: 3/21 MP: 3/3
   211 | D:1      | HP: 1/21 [goblin/+0 club (3)]
   212 | D:1      | Slain by a quokka

Levels and vault maps discovered:
D:1:      psy_arrival_dodecagon, layout_basic,
          hellmonk_ecumenical_altar_run_dry, minmay_crystal_room,
          minmay_pentomino_w4

Action                     || total
---------------------------++-------
   Fire: Shortbow          ||    52
 Armour: Leather armour    ||    30
  Dodge: Dodged            ||    41

Table legend:
 A = Non-vault XP
 B = Vault XP
 C = Vault XP percentage of total XP
 D = Non-vault monster count
 E = Vault monster count
 F = Vault count percentage of total count
                 A         B        C        D         E       F
            +---------+---------+-------+---------+---------+-------
      Total |      19 |      15 |  44.1 |      11 |       8 |  42.1
            +---------+---------+-------+---------+---------+-------
        D:1 |      19 |      15 |  44.1 |      11 |       8 |  42.1
            +---------+---------+-------+---------+---------+-------
